 Dungeon Crawl Stone Soup version 0.26-a0-1040-gbe3abf3417 (webtiles) character file.

Game seed: 2575742431093117702

78087 dolemite99 the Severer (level 15, -22/122 HPs)
             Began as a Hill Orc Fighter on Dec 12, 2020.
             Was an Elder of Hepliaklqana.
             Annihilated by an ettin
             ... wielding a +0 great mace
              (26 damage)
             ... on level 15 of the Dungeon.
             The game lasted 01:01:20 (29480 turns).

dolemite99 the Severer (Hill Orc Fighter)          Turns: 29480, Time: 01:01:21

Health: -22/122    AC: 27    Str: 32    XL:     15   Next: 59%
Magic:  21/21      EV:  8    Int: 10    God:    Hepliaklqana [****..]
Gold:   138        SH:  0    Dex: 10    Spells: 10/14 levels left

rFire    . . .     SeeInvis .   a - +9 battleaxe "Byto Dae" {flame, rElec}
rCold    + + .     Faith    .   (shield currently unavailable)
rNeg     + + .     Spirit   .   r - +3 plate armour {Will+}
rPois    .         Reflect  .   G - +0 helmet of Befetiel {Will+}
rElec    +         Harm     .   I - +1 cloak
rCorr    .         Rampage  .   O - +2 pair of gloves
Will     +++..                  m - +1 pair of boots
Stlth    ..........             U - macabre finger necklace {rN+}
HPRegen  0.30/turn              A - ring of Bowoul Filu {rC+ rN+ Str+6 Int+2 Stlth+, =R}
MPRegen  0.17/turn              k - ring of protection from fire
                                N - ring of ice

@: studying Staves
A: reduced essence, blurry vision 1
a: Recall Ancestor, Ancestor Identity, Transference, Idealise, Renounce Religion


You were on level 15 of the Dungeon.
You worshipped Hepliaklqana.
Hepliaklqana was greatly pleased with you.
You visited 3 branches of the dungeon, and saw 22 of its levels.
You also visited: Bailey and Gauntlet.

You collected 3628 gold pieces.
You spent 3490 gold pieces at shops.

Inventory:

Hand Weapons
 a - the +9 battleaxe "Byto Dae" (weapon) {flame, rElec}
   (You found it on level 10 of the Dungeon)

   It has been specially enchanted to burn those struck by it, causing extra
   injury to most foes and up to half again as much damage against particularly
   susceptible opponents.
   Big, fiery blades are also staple armaments of hydra-hunters.
   It insulates you from electricity.
 b - the +6 arbalest "Urchoiciyg" {elec, rF++ Dex+2 Stlth+}
   (You bought it in a shop on level 10 of the Dungeon)

   It charges the ammunition it shoots with electricity; occasionally upon a
   hit, such missiles may discharge and cause terrible harm.
   It affects your dexterity (+2).
   It greatly protects you from fire.
   It makes you more stealthy.
Missiles
 Q - 109 bolts
Armour
 m - a +1 pair of boots (worn)
 r - a +3 plate armour of willpower (worn)
 G - the +0 helmet of Befetiel (worn) {Will+}
   (You bought it in a shop on level 2 of the Orcish Mines)

   It affects your willpower, your defense against some magical effects.
 I - a +1 cloak (worn)
 O - a +2 pair of gloves (worn)
 Z - a +1 helmet of see invisible
Magical Staves
 v - an uncursed staff of poison
Jewellery
 k - a ring of protection from fire (right hand)
 A - the ring of Bowoul Filu (left hand) {rC+ rN+ Str+6 Int+2 Stlth+, =R}
   (You found it in a Gauntlet)

   [ring of strength]

   It affects your strength (+6).
   It affects your intelligence (+2).
   It protects you from cold.
   It protects you from negative energy.
   It makes you more stealthy.
 C - an uncursed ring of resist corrosion
 J - an uncursed amulet of regeneration
 N - a ring of ice (on amulet)
 U - the macabre finger necklace (around neck) {rN+}
   (You found it on level 8 of the Dungeon)

   [amulet of nothing]

   It protects you from negative energy.
 W - an uncursed amulet of reflection
 X - an uncursed ring of wizardry
Wands
 d - a wand of digging (4)
 e - a wand of polymorph (35)
 D - a wand of paralysis (1)
 E - a wand of disintegration (26)
 F - a wand of acid (4)
 S - a wand of enslavement (10)
 Y - a wand of iceblast (17)
Scrolls
 h - 3 scrolls of fog
 j - 12 scrolls of teleportation
 q - 5 scrolls of remove curse {@r2}
 u - 3 scrolls of identify {@r1}
 y - a scroll of immolation
 B - 4 scrolls of blinking
 P - 5 scrolls of magic mapping
Potions
 c - 3 potions of lignification
 f - 2 potions of flight
 g - 3 potions of magic
 o - a potion of resistance
 p - 5 potions of heal wounds
 s - 15 potions of curing
 t - 2 potions of cancellation
 x - 3 potions of haste
 H - 5 potions of brilliance
 K - 5 potions of might
 L - 2 potions of attraction
 M - a potion of ambrosia
Books
 n - a manual of Staves
Miscellaneous
 i - a tin of tremorstones (inert)
 l - a phial of floods (inert)
 w - a box of beasts
 z - a phantom mirror
 T - a condenser vane (inert)
 V - a lightning rod (3/4)


   Skills:
 + Level 13.4 Fighting
 - Level 17.4 Axes
 - Level 11.8 Crossbows
 - Level 3.0 Throwing
 - Level 10.0 Armour
 - Level 5.8 Shields
 - Level 9.1 Invocations
 - Level 10.7 Evocations


You had 10 spell levels left.
You knew the following spells:

 Your Spells              Type           Power        Failure   Level
a - Animate Skeleton      Necr           #.....       94%         1
b - Apportation           Tloc           #.....       94%         1
c - Wereblood             Tmut           #.......     98%         2

Your spell library contained the following spells:

 Spells                   Type           Power        Failure   Level
 Beastly Appendage        Tmut           #.....       94%         1
 Corona                   Hex            #......      94%         1
 Foxfire                  Conj/Fire      #...         94%         1
 Sting                    Tmut/Pois      #...         94%         1
 Summon Small Mammal      Summ           #...         94%         1
 Poisonous Vapours        Pois/Air       #.....       98%         2
 Slow                     Hex            #.......     98%         2
 Confusing Touch          Hex            #.......     100%        3
 Conjure Flame            Conj/Fire      #.......     100%        3
 Gell's Gravitas          Tloc           #.........   100%        3
 Ignite Poison            Fire/Tmut/Pois #.......     100%        3
 Inner Flame              Hex/Fire       #.......     100%        3
 Mephitic Cloud           Conj/Pois/Air  #.......     100%        3
 Portal Projectile        Hex/Tloc       #.....       100%        3
 Spider Form              Tmut/Pois      #.........   100%        3
 Vampiric Draining        Necr           #.........   100%        3
 Animate Dead             Necr           #.........   100%        4
 Cause Fear               Hex            #.........   100%        4
 Ice Form                 Ice/Tmut       #.......     100%        4
 Leda's Liquefaction      Hex/Erth       #.........   100%        4
 Olgreb's Toxic Radiance  Pois           #.......     100%        4
 Petrify                  Tmut/Erth      #.......     100%        4
 Sticky Flame             Conj/Fire      #.......     100%        4
 Blade Hands              Tmut           #.........   100%        5
 Borgnjor's Vile Clutch   Necr/Erth      #.........   100%        5
 Fireball                 Conj/Fire      #.........   100%        5
 Metabolic Englaciation   Hex/Ice        #.........   100%        5
 Summon Demon             Summ           #.........   100%        5
 Summon Forest            Summ/Tloc      #.........   100%        5
 Summon Mana Viper        Hex/Summ       #.......     100%        5
 Yara's Violent Unravell  Hex/Tmut       #.........   100%        5
 Death Channel            Necr           #.........   100%        6
 Freezing Cloud           Conj/Ice/Air   #.........   100%        6
 Shadow Creatures         Summ           N/A          100%        6
 Simulacrum               Ice/Necr       #.........   100%        6
 Summon Hydra             Summ           #.........   100%        7


Dungeon Overview and Level Annotations

Branches:
Dungeon (15/15)            Temple (0/1) D:7            Lair (6/6) D:11
 Shoals (0/4) Lair:3       Spider (0/4) Lair:2        Slime (0/5) Lair:5
    Orc (2/2) D:10            Elf (0/3) Orc:2        Bailey (visited)
Gauntlet (visited)
 Vaults: D:13-14     Depths: D:15

Altars:
Ashenzari
Cheibriados
Dithmenos
Fedhas
Hepliaklqana
Okawaru
Qazlal
Trog
Xom
Yredelemnul
Beogh
Jiyva

Shops:
D:6 *   D:7 (   D:9 *   D:10 [(   Orc:2 }??*

Annotations:
D:4 1 runed translucent door


Innate Abilities, Weirdness & Mutations

Your life essence is reduced to manifest your ancestor. (-10% HP)
Scrolls take you a little longer to read.


Message History

The ettin is almost dead.
You hit the ettin. You burn the ettin.
The ettin is almost dead.
The ettin hits you with a +0 great mace!!
* * * LOW HITPOINT WARNING * * *
The ettin hits you with a +0 dire flail!!
* * * LOW HITPOINT WARNING * * *
Really read with blurry vision while enemies are nearby? [Y]es or [N]o only, please.
Really read with blurry vision while enemies are nearby? [Y]es or [N]o only, please.
Really read with blurry vision while enemies are nearby? [Y]es or [N]o only, please.
Really read with blurry vision while enemies are nearby? [Y]es or [N]o only, please.
Really read with blurry vision while enemies are nearby?
You begin reading the scroll.
You continue reading the scroll.
The ettin hits you but does no damage.
The ettin hits you with a +0 dire flail!!
You die...

.# #......# .# #......#
.# #......# .##+##
###R#.##
.....#####+#...#.# #### #
.....+.....#.#.#.##.(.
.#. .....#.....#.#.#.'#..
.#.#
.....#.....'.#.#.##.#...#
.....#.....#.#..@##.C...#
.....#.....#.#...Cc)#
.....#####.#....####.#
.........'.#....# ..
......#.)#.#.#..# #.#
.........#.#....# #
.........#.#.#.#.
##....##.#.#... ......
..#.#


You could see an ettin and a centaur warrior.

Vanquished Creatures
  A minotaur (Gauntlet)
  2 ogre magi
  A boulder beetle (D:15)
  5 hydras
  A rakshasa (D:15)
  3 two-headed ogres
  3 orc high priests (Orc:2)
  A tengu warrior (D:15)
  A skeletal warrior (D:10)
  5 orc knights
  An orange crystal statue (Gauntlet)
  A lindwurm (Lair:4)
  An orc sorcerer (D:15)
  2 manticores (D:11)
  2 deep elf magi
  2 cyclopes
  An ugly thing (D:15)
  A guardian serpent (shapeshifter) (D:15)
  26 cane toads
  2 black mambas
  A torpor snail (Lair:4)
  A gargoyle (D:10)
  A centaur skeleton (D:15)
  2 rime drakes (Lair:3)
  3 komodo dragons
  A tengu conjurer (D:15)
  An efreet (D:15)
  A komodo dragon (shapeshifter) (Gauntlet)
  6 trolls
  2 tyrant leeches (Lair:6)
  A queen bee (shapeshifter) (Gauntlet)
  2 polar bears
  A jumping spider (Lair:2)
  16 blink frogs
  2 hornets
  A wind drake (shapeshifter) (Gauntlet)
  Prince Ribbit (D:6)
  3 slime creatures (D:12)
  A snapping turtle (Lair:3)
  A redback (Lair:2)
  2 wyverns
  A hog (Lair:5)
  A basilisk (Lair:6)
  Eustachio (D:4)
  17 yaks
  5 vampire mosquitoes
  2 wargs (Orc:2)
  Edmund (D:5)
  An acid dragon (D:12)
  8 water moccasins
  The ghost of mojowtm the Ducker, an amateur SpGl (D:4)
  An ice beast (D:11)
  28 orc warriors
  6 sky beasts
  7 black bears
  3 eyes of draining
  A phantom (D:4)
  9 centaurs
  13 ogres
  3 wolves (Lair:6)
  4 big kobolds
  A komodo dragon zombie (Lair:5)
  15 bullfrogs
  A cane toad simulacrum (Gauntlet)
  A wyvern skeleton (D:6)
  3 scorpions
  6 killer bees
  2 wights (D:8)
  2 howler monkeys (D:8)
  6 electric eels
  4 centaur zombies
  2 bullfrog zombies
  10 orc wizards
  Crazy Yiuf (D:3)
  3 hounds
  4 jellies
  4 bullfrog skeletons
  25 orc priests
  An iguana (D:10)
  5 worker ants
  A bullfrog simulacrum (Gauntlet)
  10 gnolls
  A river rat (D:4)
  4 adders
  A howler monkey skeleton (D:4)
  2 white imps
  3 ufetubi
  An ooze (D:1)
  An adder skeleton (D:7)
  An adder zombie (D:3)
  2 worms
  A dart slug (D:1)
  9 leopard geckos
  66 orcs
  5 giant cockroaches
  8 goblins
  19 hobgoblins
  6 jackals
  19 kobolds
  2 quokkas
  2 ball pythons
  6 bats
  3 frilled lizards
  A leopard gecko skeleton (D:8)
  3 rats
498 creatures vanquished.

Vanquished Creatures (collateral kills)
  Kirke (Lair:5)
  Snorg (Lair:4)
  A boulder beetle (D:8)
  Harold (D:10)
  A hydra (Lair:5)
  A catoblepas (Lair:6)
  2 two-headed ogres
  2 orc high priests (Orc:2)
  A death yak (Lair:4)
  A wizard (D:10)
  5 orc knights
  An ugly thing (D:10)
  2 necromancers
  An orc sorcerer (Orc:2)
  A cyclops (Orc:1)
  An elephant (D:11)
  5 cane toads
  A rime drake (Lair:3)
  2 kobold demonologists (D:12)
  A freezing wraith (D:15)
  A komodo dragon (Lair:6)
  2 trolls
  2 tyrant leeches (Lair:6)
  A slime creature (D:12)
  8 blink frogs
  A centaur simulacrum (Gauntlet)
  A yak (Lair:3)
  A steam dragon (D:11)
  3 vampire mosquitoes
  A soldier ant (D:15)
  2 water moccasins
  An elephant zombie (Lair:5)
  26 orc warriors
  2 black bears (D:11)
  5 ogres
  A phantom (D:7)
  A necrophage (D:12)
  2 centaurs
  2 komodo dragon zombies (Lair:5)
  A big kobold (D:6)
  11 bullfrogs
  A scorpion (D:4)
  4 killer bees
  2 wights (D:8)
  An electric eel (Lair:6)
  A centaur zombie (D:7)
  5 hounds
  A jelly (D:10)
  4 orc wizards
  15 orc priests
  3 centaur skeletons
  An iguana (D:9)
  2 worker ants
  A hound zombie (D:7)
  A hound skeleton (D:7)
  6 gnolls
  2 adders
  2 shadow imps
  An ufetubus (D:6)
  A leopard gecko (D:5)
  37 orcs
  A giant cockroach (D:6)
  9 goblins
  5 hobgoblins
  2 jackals
  2 quokkas
  A frilled lizard (D:5)
  12 kobolds
  A leopard gecko skeleton (D:4)
231 creatures vanquished.

Vanquished Creatures (others)
  14 battlemagi
  4 ancestors
  23 fungi
  87 plants
128 creatures vanquished.

Grand Total: 857 creatures vanquished

Notes
Turn   | Place    | Note
-------+----------+-------------------------------------------
     0 | D:1      | dolemite99 the Hill Orc Fighter began the quest for the
                  | Orb.
     0 | D:1      | Reached XP level 1. HP: 19/19 MP: 1/1
    61 | D:1      | Reached skill level 3 in Axes
   233 | D:1      | Reached XP level 2. HP: 24/26 MP: 2/2
   267 | D:1      | Reached skill level 4 in Axes
   313 | D:1      | Reached XP level 3. HP: 27/31 MP: 3/3
   990 | D:2      | Reached skill level 5 in Axes
  1400 | D:2      | Found a shadowy altar of Dithmenos.
  1400 | D:2      | Noticed a shadow
  1415 | D:2      | Found a hazy altar of Hepliaklqana.
  1626 | D:3      | Reached skill level 6 in Axes
  1626 | D:3      | Reached XP level 4. HP: 32/39 MP: 4/4
  1797 | D:3      | Found a bloodstained altar of Trog.
  2239 | D:3      | Found a runed translucent door.
  2240 | D:3      | Noticed Crazy Yiuf
  2308 | D:3      | Reached XP level 5. HP: 45/45 MP: 5/5
  2442 | D:3      | Noticed a sky beast
  2453 | D:3      | Killed a sky beast
  2454 | D:3      | Reached skill level 7 in Axes
  2771 | D:3      | Reached skill level 8 in Axes
  2771 | D:3      | Reached XP level 6. HP: 45/51 MP: 6/6
  2887 | D:2      | Became a worshipper of Hepliaklqana the Forgotten
  3113 | D:3      | Killed Crazy Yiuf
  3874 | D:4      | Reached skill level 9 in Axes
  4130 | D:4      | Noticed a phantom
  4172 | D:4      | Killed a phantom
  4173 | D:4      | Reached XP level 7. HP: 51/51 MP: 7/7
  4306 | D:4      | Reached skill level 10 in Axes
  4481 | D:4      | Found a runed translucent door.
  4719 | D:4      | Noticed Eustachio
  4756 | D:4      | Killed Eustachio
  4819 | D:4      | Found a blossoming altar of Fedhas.
  4916 | D:4      | Reached skill level 5 in Shields
  4937 | D:4      | Noticed mojowtm's ghost (amateur SpGl)
  5084 | D:4      | Found a runed translucent door.
  5111 | D:4      | Killed mojowtm's ghost
  5112 | D:4      | Reached XP level 8. HP: 43/57 MP: 8/8
  5517 | D:5      | Entered Level 5 of the Dungeon
  5519 | D:5      | Noticed Edmund
  5523 | D:5      | Reached * piety under Hepliaklqana
  5534 | D:5      | Killed Edmund
  6321 | D:5      | Found a broken altar of Ashenzari.
  6751 | D:5      | Reached skill level 5 in Fighting
  7331 | D:6      | Noticed Prince Ribbit
  7356 | D:6      | Killed Prince Ribbit
  7357 | D:6      | Reached skill level 5 in Armour
  7365 | D:6      | Reached XP level 9. HP: 35/67 MP: 9/9
  7893 | D:6      | Reached skill level 11 in Axes
  8506 | D:6      | Found Fuzai's Assorted Antiques.
  8517 | D:6      | Bought a fizzy golden potion for 27 gold pieces
  8517 | D:6      | Bought an encrusted lead wand for 120 gold pieces
  8517 | D:6      | Bought a twisted emerald ring for 150 gold pieces
  8541 | D:6      | Reached ** piety under Hepliaklqana
  8542 | D:6      | Remembered your ancestor Shatamurrim as a battlemage
  9179 | D:7      | Found Xaot Kae's Weapon Shoppe.
  9201 | D:7      | Reached skill level 12 in Axes
  9348 | D:7      | You fall into a shaft and drop 2 floors!
  9521 | D:10     | Entered Level 10 of the Dungeon
  9533 | D:11     | Noticed a manticore
  9557 | D:11     | Killed a manticore
  9558 | D:11     | Reached skill level 13 in Axes
  9632 | D:11     | Found a flagged portal.
  9646 | Bailey   | Entered a bailey
  9948 | Bailey   | Reached XP level 10. HP: 62/75 MP: 8/10
 10156 | D:10     | Reached skill level 1 in Invocations
 10341 | D:10     | Noticed Harold
 10350 | D:10     | Killed Harold
 10439 | D:10     | Found Meuf's Weapon Shoppe.
 10601 | D:10     | Found a staircase to the Orcish Mines.
 10601 | D:10     | Identified Suap's Guide on Unholy Rituals and Curses
 11126 | D:10     | Found Vyxty's Armour Shoppe.
 11188 | D:10     | Noticed a brown ugly thing
 11197 | D:10     | Killed a brown ugly thing
 11259 | D:10     | Noticed a skeletal warrior
 11298 | D:10     | Killed a skeletal warrior
 11335 | D:10     | Got a bloodstained battleaxe
 11336 | D:10     | Identified the +9 battleaxe "Byto Dae" {flame, rElec} (You
                  | found it on level 10 of the Dungeon)
 11484 | D:10     | Noticed a wizard
 11484 | D:10     | Noticed a deep elf mage
 11489 | D:10     | Killed a wizard
 11490 | D:10     | Reached skill level 14 in Axes
 11492 | D:10     | Killed a deep elf mage
 11493 | D:10     | Reached XP level 11. HP: 81/81 MP: 17/17
 11684 | D:10     | Reached skill level 15 in Axes
 11875 | D:9      | Found Diekkeut's Assorted Antiques.
 11905 | D:9      | Bought a scroll of identify for 50 gold pieces
 11905 | D:9      | Bought a scroll of identify for 50 gold pieces
 11906 | D:9      | Identified a scroll of acquirement
 11907 | D:9      | Acquired 905 gold pieces
 12155 | D:8      | Reached *** piety under Hepliaklqana
 12299 | D:10     | Bought the +6 arbalest "Urchoiciyg" {elec, rF++ Dex+2
                  | Stlth+} for 1090 gold pieces
 12469 | D:8      | Found the macabre finger necklace {rN+}
 12469 | D:8      | Noticed a cyclops
 12471 | D:8      | Noticed a boulder beetle
 12478 | D:8      | Reached skill level 1 in Crossbows
 12514 | D:8      | Killed a cyclops
 12537 | D:8      | Killed a boulder beetle
 12629 | D:7      | Found a staircase to the Ecumenical Temple.
 13055 | D:7      | Found a basalt altar of Yredelemnul.
 13055 | D:7      | Found an iron altar of Okawaru.
 13084 | D:7      | Found a stormy altar of Qazlal.
 13636 | D:9      | Noticed a two-headed ogre
 13644 | D:9      | Killed a two-headed ogre
 13645 | D:9      | Reached skill level 5 in Crossbows
 13911 | D:9      | Found a snail-covered altar of Cheibriados.
 14530 | D:10     | Noticed a necromancer
 14547 | D:10     | Killed a necromancer
 14997 | D:11     | Found a roughly hewn altar of Beogh.
 14997 | D:11     | Noticed an orc knight
 15278 | D:11     | Reached XP level 12. HP: 87/87 MP: 18/18
 15314 | D:11     | Found a staircase to the Lair.
 15352 | D:11     | Noticed a seven-headed hydra
 15362 | D:11     | Killed a five-headed hydra
 15481 | D:11     | Reached **** piety under Hepliaklqana
 16355 | Orc:1    | Entered Level 1 of the Orcish Mines
 16431 | Lair:1   | Entered Level 1 of the Lair of Beasts
 16440 | Lair:1   | Noticed a four-headed hydra
 16445 | Lair:1   | Killed a four-headed hydra
 16748 | Lair:1   | Reached skill level 10 in Crossbows
 17197 | Lair:2   | Reached ***** piety under Hepliaklqana
 17330 | Lair:2   | Found a hole to the Spider Nest.
 17812 | Lair:2   | Reached skill level 5 in Evocations
 18404 | Lair:3   | Found a basalt altar of Yredelemnul.
 18450 | Lair:3   | Reached XP level 13. HP: 28/92 MP: 17/19
 19554 | Lair:3   | Found a staircase to the Shoals.
 20173 | Lair:4   | Noticed Snorg
 20183 | Lair:4   | Killed Snorg
 20184 | Lair:4   | Reached skill level 10 in Evocations
 21547 | Lair:5   | Found a staircase to the Slime Pits.
 21547 | Lair:5   | Found a viscous altar of Jiyva.
 22136 | Lair:5   | Noticed Kirke
 22141 | Lair:5   | Killed Kirke
 22280 | Lair:6   | Entered Level 6 of the Lair of Beasts
 22309 | Lair:6   | Reached skill level 10 in Fighting
 22594 | Lair:6   | Reached XP level 14. HP: 102/111 MP: 20/20
 23941 | D:11     | Learned a level 1 spell: Animate Skeleton
 23943 | D:11     | Learned a level 1 spell: Apportation
 23946 | D:11     | Learned a level 2 spell: Wereblood
 24602 | D:12     | Reached skill level 10 in Armour
 25174 | Orc:1    | Reached skill level 16 in Axes
 25488 | Orc:2    | Entered Level 2 of the Orcish Mines
 25505 | Orc:2    | Gained mutation: Scrolls take you a little longer to read.
                  | [a neqoxec]
 25750 | Orc:2    | Found a staircase to the Elven Halls.
 25825 | Orc:2    | Reached XP level 15. HP: 60/120 MP: 15/21
 26960 | Orc:2    | Found a roughly hewn altar of Beogh.
 27786 | Orc:2    | Reached skill level 17 in Axes
 28203 | Orc:2    | Found Caruxer's General Store.
 28207 | Orc:2    | Found Tuxt's Magic Scroll Boutique.
 28208 | Orc:2    | Found Huihuyg's Gadget Boutique.
 28209 | Orc:2    | Found Teilippu's Magic Scroll Shop.
 28217 | Orc:2    | Bought a scroll of teleportation for 39 gold pieces
 28217 | Orc:2    | Bought a scroll of teleportation for 39 gold pieces
 28217 | Orc:2    | Bought a scroll of immolation for 45 gold pieces
 28217 | Orc:2    | Bought a scroll of magic mapping for 45 gold pieces
 28217 | Orc:2    | Bought a scroll of identify for 26 gold pieces
 28217 | Orc:2    | Bought a scroll of identify for 26 gold pieces
 28222 | Orc:2    | Bought a tin of tremorstones (2/2) for 520 gold pieces
 28225 | Orc:2    | Bought a phial of floods for 520 gold pieces
 28242 | Orc:2    | Bought a wand of acid (8) for 336 gold pieces
 28242 | Orc:2    | Bought the +0 helmet of Befetiel {Will+} for 239 gold
                  | pieces
 28259 | Orc:2    | Bought a scroll of teleportation for 39 gold pieces
 28259 | Orc:2    | Bought a scroll of teleportation for 39 gold pieces
 28261 | Orc:2    | Bought a scroll of blinking for 90 gold pieces
 28503 | D:13     | Found a gate leading to a gauntlet.
 28521 | D:13     | Found a snail-covered altar of Cheibriados.
 28523 | Gauntlet | Entered a Gauntlet
 28523 | Gauntlet | Found a transporter.
 28523 | Gauntlet | Found a runed translucent door.
 28524 | Gauntlet | Found a runed translucent door.
 28527 | Gauntlet | Found a transporter.
 28529 | Gauntlet | Found a transporter.
 28544 | Gauntlet | Found a transporter.
 28546 | Gauntlet | Found a transporter.
 28556 | Gauntlet | Found a transporter.
 28572 | Gauntlet | Found a transporter.
 28584 | Gauntlet | Found a transporter.
 28589 | Gauntlet | Found a transporter.
 28590 | Gauntlet | Found a transporter.
 28599 | Gauntlet | Found a transporter.
 28602 | Gauntlet | Found a transporter.
 28636 | Gauntlet | Found a transporter.
 28651 | Gauntlet | Found a transporter.
 28895 | Gauntlet | Identified the cursed ring of Huawnuq {Will+ Dex-4} (You
                  | found it in a Gauntlet)
 28898 | Gauntlet | Identified the ring of Bowoul Filu {rC+ rN+ Str+6 Int+2
                  | Stlth+} (You found it in a Gauntlet)
 29007 | Gauntlet | Got a transparent spear
 29010 | Gauntlet | Identified the +8 spear "Qolaogg" {flame, rF- rN+ Int+4}
                  | (You found it in a Gauntlet)
 29096 | D:13     | You fall into a shaft and drop 2 floors!
 29096 | D:15     | Entered Level 15 of the Dungeon
 29122 | D:15     | Found a shimmering altar of Xom.
 29478 | D:15     | HP: 3/122 [ettin/+0 great mace (27)]
 29480 | D:15     | Annihilated by an ettin

Illustrated notes

Levels and vault maps discovered:
D:1:      giann_bridges, layout_rooms, minmay_quantized
D:2:      layout_rooms, riverfiend_overflow_shadow_ancestor, serial_curves,
          eino_curves_04, eino_curves_02, eino_curves_02, eino_curves_01,
          grunt_decor_cap
D:3:      layout_loops_ring, trog_three_pillars_becter, uniq_crazy_yiuf_cottage
D:4:      layout_layer_cave, lemuel_round_altar, ebering_ghost_sewer_f,
          uniq_eustachio
D:5:      layout_layer_cave, cheibrodos_ashenzari_chains, minmay_ogre_servants,
          uniq_edmund
D:6:      cheibrodos_thug_alley, layout_basic, serial_shops,
          nicolae_shop_overgrown_old_shop, uniq_prince_ribbit1
D:7:      layout_cave_pools, gammafunk_temple_overflow_elements,
          nicolae_overflow_crystal_walls, minmay_temple_entry_sparse_star,
          serial_shops, nicolae_shop_waterfront
D:8:      layout_rooms, minmay_diamond_spiral
D:9:      minmay_s_stair_smasher, layout_loops_cross, overflow_temple_1_default,
          serial_shops, shop
D:10:     minmay_tri_box, layout_basic, orc_david_3, uniq_harold
D:11:     layout_loops_ring, david_lair_generic, enter_bailey_5, special_room
          [special_room_orc], water_maze_lemuel
D:12:     layout_roguey [special_room_orc], serial_park_tiny_pond,
          lemuel_nasty_fountain
D:13:     layout_cave_pools, basic_altar, gauntlet_entry_generic, laboratory
D:15:     hangedman_depths_entry_civil_slaughter, layout_stronghold,
          serial_park_square3 [serial_park_minivault_5x5_4],
          nicolae_transmutations_shop, chequers_serial_rivers_small_3,
          minivault_28
Lair:1:   layout_chaotic_city, serial_bayou_ford_a
Lair:2:   layout_chaotic_city, spider_nest_entry_funnel_web, minivault_24,
          beast_lair_carwin_6, infiniplex_staircase_pool, serial_bayou_shore_a
Lair:3:   layout_cellular_growth, minmay_shoals_entry_hut, basic_altar,
          st_stairs_4
Lair:4:   layout_loops_ring, uniq_snorg
Lair:5:   pond_and_an_island_with_a_cottage, layout_concentric_octagons,
          slime_altar_1, serial_bayou_pond_e, uniq_kirke
Lair:6:   minmay_lair_end_frog_pond, layout_gridlike, st_stairs_6,
          grunt_megastairs_1
Orc:1:    layout_caves, ebering_ghost_inner_flame
Orc:2:    st_orc_pillars, layout_diamond_mine, minmay_orc_temple_b

Skill      XL: |  1  2  3  4  5  6  7  8  9 10 11 12 13 14 15 |
---------------+----------------------------------------------+-----
Axes           | 3 4 6 8 9 10 13 14 15 16 17 | 17.4
Shields        | 5 |  5.8
Throwing       | 3 |  3.0
Fighting       | 5 6 11 12 13 | 13.4
Armour         | 5 6 10 | 10.0
Invocations    | 9 |  9.1
Evocations     | 3 7 10 | 10.7
Crossbows      | 7 10 11 | 11.8

Action                   |  1- 3 |  4- 6 |  7- 9 | 10-12 | 13-15 || total
-------------------------+-------+-------+-------+-------+-------++-------
Melee: War axe           |    89 |    88 |   174 |    54 |       ||   405
       Battleaxe         |       |       |       |   155 |   253 ||   408
       Arbalest          |       |       |       |       |     2 ||     2
 Fire: Hunting sling     |       |       |    92 |    19 |       ||   111
       Arbalest          |       |       |       |   112 |   263 ||   375
Throw: Dart              |    12 |    28 |    48 |       |       ||    88
       Stone             |     1 |       |    12 |    25 |    24 ||    62
       Boomerang         |       |       |     4 |       |       ||     4
Invok: Recall Ancestor   |       |       |     6 |     5 |    14 ||    25
       Ancestor Life: Ba |       |       |     1 |       |       ||     1
       Idealise          |       |       |       |       |    18 ||    18
Evoke: Wand              |       |       |     7 |     5 |     8 ||    20
       Condenser vane    |       |       |       |     1 |     3 ||     4
       Lightning rod     |       |       |       |       |     9 ||     9
       Phantom mirror    |       |       |       |       |     1 ||     1
       Tin of tremorston |       |       |       |       |     2 ||     2
       Phial of floods   |       |       |       |       |     1 ||     1
  Use: Scroll            |       |    10 |     8 |    13 |    12 ||    43
       Potion            |       |     2 |     2 |     2 |     1 ||     7
 Stab: Distracted        |       |     1 |     1 |     1 |     2 ||     5
Armor: Scale mail        |    43 |    31 |       |       |       ||    74
       Chain mail        |       |     9 |    62 |       |       ||    71
       Plate armour      |       |       |    69 |   151 |   301 ||   521
Dodge: Dodged            |    31 |    30 |    42 |    90 |   169 ||   362
Block: Kite shield       |    60 |    46 |   163 |    31 |       ||   300

Table legend: (Time is in decaauts)
 A = Elapsed time spent in this place.
 B = Non-inter-level travel time spent in this place.
 C = Inter-level travel time spent in this place.
 D = Time resting spent in this place.
 E = Time spent auto-exploring this place.
 F = Levels seen in this place.
 G = Mean time per level.
                   A        B        C        D        E       F      G
               +--------+--------+--------+--------+--------+-----+--------+
         Total |  29713 |  28319 |   1394 |   9161 |  12954 |  24 | 1238.0 |
       Dungeon |  17951 |  16879 |   1072 |   5172 |   8020 |  14 | 1282.2 |
          Lair |   7592 |   7362 |    230 |   2352 |   3802 |   6 | 1265.3 |
  Orcish Mines |   3205 |   3113 |     92 |   1399 |    965 |   2 | 1602.5 |
        Bailey |    472 |    472 |      0 |    117 |    132 |   1 |  472.0 |
      Gauntlet |    492 |    492 |      0 |    121 |     35 |   1 |  492.0 |
               +--------+--------+--------+--------+--------+-----+--------+

Top non-repeatable levels by time:
    D:10: 3028 daAuts
   Orc:2: 2874 daAuts
     D:4: 1956 daAuts
     D:6: 1944 daAuts
     D:3: 1851 daAuts
     D:5: 1799 daAuts
  Lair:3: 1708 daAuts
    D:11: 1360 daAuts
  Lair:5: 1342 daAuts
  Lair:6: 1336 daAuts
  Lair:2: 1289 daAuts
    D:12: 1263 daAuts
  Lair:4: 1248 daAuts
     D:2: 972 daAuts
     D:1: 818 daAuts
